 Dungeon Crawl Stone Soup version 0.16-a0-3997-g61da7c2 (webtiles) character file.

1169 timbw the Twirler (level 8, -1/49 HPs)
             Began as a Halfling Gladiator on Feb 13, 2015.
             Shot with an arrow of frost by a centaur (2 damage)
             ... on level 6 of the Dungeon.
             The game lasted 00:10:28 (2160 turns).

timbw the Twirler (Halfling Gladiator)              Turns: 2160, Time: 00:10:28

Health: -1/49      AC:  6    Str: 15    XL:     8   Next: 68%
Magic:  12/12      EV: 19    Int:  7    God:
Gold:   169        SH:  0    Dex: 17    Spells: 0 memorised, 7 levels left

rFire  . . .     SeeInvis .     m - +7 lajatang of Order {silver, rMut}
rCold  . . .     Clarity  .     b - +0 leather armour
rNeg   . . .     SustAb   .     (no shield)
rPois  .         Gourm    .     c - +1 helmet
rElec  .         Spirit   .     v - +0 cloak
rCorr  .         Warding  .     (no gloves)
rMut   +         Stasis   .     (no boots)
MR     .....                    (no amulet)
Stlth  +.........               w - ring of teleport control
                                q - ring of invisibility

@: very slightly contaminated, not resistant to hostile enchantments, very
unstealthy
A: mutation resistance 1
a: Evoke Invisibility, Evoke Teleport Control


You were on level 6 of the Dungeon.
You were hungry.

You visited 1 branch of the dungeon, and saw 6 of its levels.
You also visited: Sewer.

You collected 169 gold pieces.

Inventory:

Hand weapons
 a - a +1 quarterstaff
 m - the +7 lajatang of Order (weapon) {silver, rMut}
   (You found it on level 4 of the Dungeon)

   It protects you from mutation.
Missiles
 i - 3 throwing nets (quivered)
 t - 18 poisoned needles
Armour
 b - a +0 leather armour (worn)
 c - a +1 helmet (worn)
 v - a +0 cloak (worn)
Jewellery
 q - a ring of invisibility (left hand)
 w - a ring of teleport control (right hand)
Magical devices
 j - a wand of polymorph (0)
Scrolls
 g - a scroll of fear
 u - a scroll of fog
Potions
 d - 3 potions of curing
 e - a potion of restore abilities
 h - 2 potions of magic {unknown}
 k - 3 potions of brilliance
 l - 2 potions of heal wounds
 r - a potion of poison
 x - a potion of cancellation {unknown}
Comestibles
 f - 3 bread rations
 o - 3 royal jellies
 s - 2 meat rations
 A - a chunk of flesh


   Skills:
 - Level 1.7 Fighting
 * Level 6.8 Staves
 - Level 2.6 Throwing
 + Level 6.6 Dodging
 + Level 3.1 Evocations


You had 7 spell levels left.
You didn't know any spells.

Dungeon Overview and Level Annotations

Branches:
Dungeon (6/15)
 Temple: D:4-7

Altars:
Ashenzari
Fedhas
Kikubaaqudgha
Qazlal
Ru

Shops:
D:6 *


Innate Abilities, Weirdness & Mutations

You are small and have problems with some larger weapons.
You are somewhat resistant to further mutation.


Message History

You butcher the orc corpse.
Items here: % ) [ รท a dagger; a glowing robe; 3 chunks of flesh; an orc skeleton A hobgoblin comes into view.
It is wielding a club.
Found a stone staircase leading down.
A centaur comes into view.
The centaur shouts!
The centaur wields a shortbow.
The centaur shoots an arrow of frost.
The arrow of frost barely misses you.
An iguana and an orc come into view.
You see here an arrow of frost.
The iguana hisses angrily.
The centaur shoots an arrow of frost.
The arrow of frost hits you!
* * * LOW HITPOINT WARNING * * *
The arrow of frost freezes you.
* * * LOW HITPOINT WARNING * * *
The centaur shoots an arrow of frost.
The arrow of frost hits you!
* * * LOW HITPOINT WARNING * * *
The arrow of frost freezes you.
You die...

#.)......# ....#
#........## .o...#
#.........##..g..#
#..........#o....##
##.####.##)........
#................._
##..###.#...##....
.# #.#(.## ...
#..@.# .
.........##
.........
#.##..#... .
#..#.... ......>#.
.....l...## ..
c..#.# .##


You could see an orc warrior, a centaur, an iguana, an orc and a hobgoblin
(wandering).

Vanquished Creatures
  Edmund (D:4)
  An ice beast (D:5)
  Sigmund (D:2)
  4 big kobolds (Sewer)
  A giant frog (D:5)
  3 scorpions
  A crimson imp (D:5)
  A hound (D:4)
  An orc wizard (D:6)
  2 orc priests (D:6)
  A worker ant (D:4)
  4 gnolls (D:5)
  A river rat (Sewer)
  6 adders
  2 giant mites (D:4)
  A shadow imp (D:5)
  8 worms
  4 orcs
  2 bats
  A bat zombie (D:5)
  5 giant cockroaches (D:4)
  3 goblins
  4 hobgoblins
  2 jackals (D:4)
  3 oozes (Sewer)
  3 quokkas
  5 ball pythons (Sewer)
  A ball python skeleton (D:3)
  A giant newt (D:1)
  7 kobolds
  6 rats
86 creatures vanquished.

Notes
Turn   | Place    | Note
--------------------------------------------------------------
     0 | D:1      | timbw, the Halfling Gladiator, began the quest for the Orb.
     0 | D:1      | Reached XP level 1. HP: 14/14 MP: 1/1
    42 | D:2      | Reached XP level 2. HP: 19/19 MP: 2/2
   156 | D:2      | Noticed Sigmund
   166 | D:2      | Killed Sigmund
   166 | D:2      | Reached skill level 4 in Dodging
   166 | D:2      | Reached XP level 3. HP: 20/24 MP: 3/3
   166 | D:2      | Reached XP level 4. HP: 24/29 MP: 4/4
   241 | D:2      | Found an ancient bone altar of Kikubaaqudgha.
   303 | D:2      | Reached XP level 5. HP: 22/34 MP: 5/5
   383 | D:3      | Found a blossoming altar of Fedhas.
   422 | D:3      | Found a stormy altar of Qazlal.
   603 | D:4      | Noticed Edmund
   651 | D:4      | Killed Edmund
   651 | D:4      | Reached skill level 5 in Dodging
   651 | D:4      | Reached XP level 6. HP: 33/39 MP: 6/6
   729 | D:4      | Found a shattered altar of Ashenzari.
   823 | D:4      | Found a glowing drain.
   824 | D:4      | Reached skill level 5 in Staves
   831 | Sewer    | Entered a sewer
   917 | Sewer    | Reached XP level 7. HP: 41/44 MP: 7/7
  1171 | Sewer    | Reached skill level 6 in Staves
  1315 | Sewer    | Reached skill level 1 in Evocations
  1503 | D:4      | Reached XP level 8. HP: 35/49 MP: 9/9
  1566 | D:5      | Entered Level 5 of the Dungeon
  1967 | D:6      | Found Wucapov's Assorted Antiques.
  2155 | D:6      | Found a sacrificial altar of Ru.
  2160 | D:6      | HP: 1/49 [centaur/arrow of frost (8)]
  2160 | D:6      | Shot with an arrow of frost by a centaur

Action                   |  1- 3 |  4- 6 |  7- 9 || total
-------------------------+-------+-------+-------++-------
Melee: Quarterstaff      |    14 |    67 |       ||    81
       Unarmed           |       |    11 |       ||    11
       Lajatang          |       |    38 |   143 ||   181
Throw: Throwing net      |     3 |       |       ||     3
 Abil: Evoke Invisibilit |       |     1 |     1 ||     2
  Use: Scroll            |       |     9 |     6 ||    15
 Stab: Held in net/web   |     5 |       |       ||     5
       Confused          |       |     1 |       ||     1
       Invisible         |       |     1 |     3 ||     4
       Sleeping          |       |     1 |       ||     1
  Eat: Chunk             |       |     1 |     4 ||     5
